 Dungeon Crawl Stone Soup version 0.28-a0-1415-g7c84da036a (webtiles) character file.

Game seed: 12435101919069673089

553 funkygono the Firebug (level 7, 0/36 HPs)
             Began as a Gargoyle Fire Elementalist on Jan 7, 2022.
             Slain by Duvessa (3 damage)
             ... on level 4 of the Dungeon.
             The game lasted 00:05:16 (4200 turns).

funkygono the Firebug (Gargoyle Fire Elementalist)  Turns: 4200, Time: 00:05:17

Health: 0/36       AC:  7    Str: 11    XL:     7   Next: 29%
Magic:  5/14       EV: 12    Int: 18    God:
Gold:   138        SH:  0    Dex: 10    Spells: 5/15 levels left

rFire   + . .      SeeInvis .   j - +0 whip
rCold   . . .      Faith    .   (no shield)
rNeg    + . .      Spirit   .   a - +0 robe
rPois   ∞          Reflect  .   n - +0 helmet
rElec   +          Harm     .   (no cloak)
rCorr   .          Rampage  .   (no gloves)
Will    +....                   (no boots)
Stlth   ++........              (no amulet)
HPRegen 0.12/turn               f - ring of willpower
MPRegen 0.14/turn               q - ring of protection from fire

@: mighty, invisible
A: sickness immunity, AC +4, negative energy resistance 1, electricity
resistance, torment resistance 1, petrification resistance
a: no special abilities


You were on level 4 of the Dungeon.
You visited 1 branch of the dungeon, and saw 4 of its levels.

You collected 138 gold pieces.

Inventory:

Hand Weapons
 b - a +1 dagger
 j - a +0 whip (weapon)
Missiles
 c - 45 stones
Armour
 a - a +0 robe (worn)
 e - a +0 leather armour
 n - a +0 helmet (worn)
Magical Staves
 g - a staff of death
Jewellery
 f - a ring of willpower (left hand)
 i - a ring of see invisible
 q - a ring of protection from fire (right hand)
Wands
 h - a wand of acid (10)
Scrolls
 l - 2 scrolls of teleportation
Potions
 d - a potion of flight
 m - a potion of attraction


   Skills:
 + Level 0.1 Maces & Flails
 + Level 1.7 Dodging
 - Level 2.1 Stealth
 * Level 4.8 Spellcasting
 * Level 3.6 Conjurations
 * Level 5.4 Fire Magic


You had 5 spell levels left.
You knew the following spells:

 Your Spells              Type           Power      Damage    Failure   Level
a - Foxfire               Conj/Fire      80%        2x1d8     1%          1
b - Scorch                Fire           46%        2d7       2%          2
c - Conjure Flame         Conj/Fire      20%        6-21      6%          3
d - Flame Wave            Conj/Fire      20%        2d6       21%         4

Your spell library contained the following spells:

 Spells                   Type           Power      Damage    Failure   Level
 Inner Flame              Hex/Fire       14%        N/A       13%         3


Dungeon Overview and Level Annotations

Branches:
Dungeon (4/15)
 Temple: D:4-7

Altars:
Hepliaklqana
Xom

Annotations:
D:4 Dowan, Duvessa


Innate Abilities, Weirdness & Mutations

You are immune to sickness and miasma.
Your stone body is resilient. (AC +4)
You are immune to poison.
You resist negative energy. (rN+)
You are resistant to electric shocks. (rElec)
You are resistant to unholy torment.
You are immune to petrification.


Message History

Confirm with . or Enter, or press ? or * to list all spells.
Flames lash Dowan.
Dowan is burned terribly!
Dowan is heavily wounded.
Duvessa closely misses you. Dowan casts a spell at you.
The puff of frost misses you.
Dowan casts a spell at Duvessa.
Duvessa seems to speed up.
Duvessa hits you with a +0 short sword.
You barely miss Duvessa.
Duvessa is moderately wounded.
Duvessa is no longer more vulnerable to fire.
Duvessa hits you with a +0 short sword!
You hit Duvessa but do no damage.
Duvessa is moderately wounded.
Duvessa hits you with a +0 short sword! Duvessa hits you with a +0 short sword.
You hit Duvessa.
Duvessa is moderately wounded.
Duvessa says, "My weaknesses are his strengths!"
Duvessa closely misses you. Duvessa hits you with a +0 short sword.
* * * LOW HITPOINT WARNING * * *
You feel better.
Duvessa says, "Practise, practise, practise!
One day you'll be as good as me." Duvessa hits you with a +0 short sword!
* * * LOW HITPOINT WARNING * * *
Duvessa closely misses you.
It was a potion of might.
You feel very mighty all of a sudden. Duvessa misses you.
Okay, then.
You hit Duvessa.
Duvessa is heavily wounded.
Duvessa hits you with a +0 short sword.
* * * LOW HITPOINT WARNING * * *
Duvessa barely misses you.
It was a potion of invisibility.
You fade into invisibility!
Dowan casts a spell at you.
The puff of flame hits Duvessa.
Duvessa hits you with a +0 short sword.
You die...

#......... ###...
#.........###....
#........#..#....
#.#.....#....#... #
#.##....#.....##. # #.####
#.# #............ #. #....#
#.# ##.##.##.....
#.#######.###.###...#.##>....
....#....ee@..........+.....
#..#...####.........##.....
#.#....# ######.######....
#......# #.# ##... #......#
###.### ##.. #.#...## #.....#
##+ #.##### #.###.# #. #. #.#
#.# #. #. #.###.#######.


You could see Duvessa (fast) and Dowan.

Vanquished Creatures
  Grinder (D:3)
  Sigmund (D:3)
  A hound (D:2)
  An iguana (D:4)
  Ijyb (D:3)
  An orc wizard (D:3)
  4 adders
  An adder skeleton (D:4)
  A worm (D:2)
  2 dart slugs (D:1)
  2 orcs (D:3)
  5 bats
  10 endoplasms
  3 giant cockroaches
  6 goblins
  4 hobgoblins
  4 jackals (D:1)
  A quokka (D:3)
  8 ball pythons
  A frilled lizard (D:3)
  4 kobolds
  3 rats
65 creatures vanquished.

Vanquished Creatures (others)
  199 foxfires
199 creatures vanquished.

Grand Total: 264 creatures vanquished

Notes
Turn   | Place    | Note
-------+----------+-------------------------------------------
     0 | D:1      | funkygono the Gargoyle Fire Elementalist began the quest
                  | for the Orb.
     0 | D:1      | Reached XP level 1. HP: 10/10 MP: 3/3
    89 | D:1      | Reached XP level 2. HP: 11/15 MP: 0/5
   146 | D:1      | Learned a level 2 spell: Scorch
   344 | D:1      | Found a faded altar of an unknown god.
   734 | D:1      | Reached XP level 3. HP: 19/19 MP: 2/6
  1879 | D:2      | Reached skill level 4 in Fire Magic
  1879 | D:2      | Reached XP level 4. HP: 24/24 MP: 3/8
  1889 | D:2      | Learned a level 3 spell: Conjure Flame
  2310 | D:3      | Noticed Sigmund
  2318 | D:3      | Killed Sigmund
  2319 | D:3      | Reached XP level 5. HP: 10/28 MP: 0/10
  2319 | D:3      | Reached XP level 6. HP: 11/32 MP: 0/11
  2646 | D:3      | Noticed Ijyb
  2655 | D:3      | Killed Ijyb
  2866 | D:3      | Noticed Grinder
  2875 | D:3      | Killed Grinder
  2876 | D:3      | Reached skill level 5 in Fire Magic
  2876 | D:3      | Reached XP level 7. HP: 26/36 MP: 3/13
  3223 | D:3      | Learned a level 4 spell: Flame Wave
  3832 | D:4      | Found a shimmering altar of Xom.
  3833 | D:4      | Found a hazy altar of Hepliaklqana.
  3834 | D:4      | Noticed a spectral ugly thing
  4178 | D:4      | Noticed Duvessa
  4180 | D:4      | Noticed Dowan
  4200 | D:4      | Slain by Duvessa

Illustrated notes

Levels and vault maps discovered:
D:1:      amcnicky_arrival_double_pillar, layout_loops_ring,
          ebering_ecumenical_altar_box, minmay_statues_item
D:2:      layout_basic, chequers_garden
D:3:      layout_basic, uniq_ijyb, uniq_sigmund, uniq_grinder
D:4:      layout_loops_corners, regret_index_temple_of_mockery,
          minmay_temple_entry_enclosed_plants, minmay_misc_feat_chi,
          uniq_duvessa, uniq_eustachio

Skill      XL: |  1  2  3  4  5  6 |
---------------+-------------------+-----
Spellcasting   | 3 4 |  4.8
Conjurations   | 2 3 |  3.6
Fire Magic     | 4 5 |  5.4
Maces & Flails | |  0.1
Dodging        | |  1.7
Stealth        | |  2.1

Action                   |  1- 3 |  4- 6 |  7- 9 || total
-------------------------+-------+-------+-------++-------
Melee: Unarmed           |     3 |       |       ||     3
       Whip              |       |     4 |     8 ||    12
 Cast: Foxfire           |    59 |    27 |    35 ||   121
       Scorch            |     6 |     9 |    11 ||    26
  Use: Scroll            |     1 |     3 |     2 ||     6
       Potion            |       |       |     3 ||     3
Armor: Robe              |     4 |     2 |     1 ||     7
Dodge: Dodged            |    12 |     7 |    19 ||    38

Table legend: (Time is in decaauts)
 A = Elapsed time spent in this place.
 B = Non-inter-level travel time spent in this place.
 C = Inter-level travel time spent in this place.
 D = Time resting spent in this place.
 E = Time spent auto-exploring this place.
 F = Levels seen in this place.
 G = Mean time per level.
                   A        B        C        D        E       F      G
               +--------+--------+--------+--------+--------+-----+--------+
         Total |   4198 |   4156 |     42 |    151 |   3479 |   4 | 1049.5 |
       Dungeon |   4198 |   4156 |     42 |    151 |   3479 |   4 | 1049.5 |
               +--------+--------+--------+--------+--------+-----+--------+

Top non-repeatable levels by time:
     D:3: 1436 daAuts
     D:1: 1399 daAuts
     D:2: 875 daAuts
     D:4: 487 daAuts
